 Dungeon Crawl Stone Soup version 5.7-8-g3a8b389 (webtiles) character file.

128 MurderBear the Charmwright (level 6, -3/44 HPs)
             Began as a Merfolk Skald on Oct 14, 2018.
             Slain by a worker ant (4 damage)
             ... on level 4 of the Dungeon.
             The game lasted 00:09:32 (3458 turns).

MurderBear the Charmwright (Merfolk Skald)          Turns: 3458, Time: 00:09:33

Health: -3/44      AC:  3 (14%)Str: 12  XL:     6   Next: 54%
Magic:  0/0        EV: 13    Int: 13    God:
Gold:   237        SH:  0    Dex: 14    Spells: 4/10 levels left

rFire    . . .     SeeInvis .   a - +0 rapier
rCold    . . .     Faith    .   (no shield)
rNeg     . . .     Spirit   .   b - +0 leather armour
rPois    .         Reflect  .   (no helmet)
rElec    .                      (no cloak)
rCorr    .                      (no gloves)
MR       .....                  (no boots)
Stlth    ++........             (no amulet)
Regen    0.6/turn               (no ring)
MPRegen  0.2/turn               (no ring)

@: lethally poisoned (-3 -> -4), very slightly contaminated, regenerating,
hasted, very quick
A: change form in water, swift swim, stealthy swim
a: End Regeneration, Stop Singing


You were on level 4 of the Dungeon.
You were not hungry.

You visited 1 branch of the dungeon, and saw 4 of its levels.

You collected 237 gold pieces.

Inventory:

Hand Weapons
 a - a +0 rapier (weapon)
Missiles
 e - 4 frenzy darts (quivered)
 i - 96 javelins
 j - 85 poisoned darts
Armour
 b - a +0 leather armour (worn)
Scrolls
 d - 2 scrolls of fog
 g - a scroll of amnesia
Potions
 c - a potion of magic
 f - 5 potions of cancellation


   Skills:
 - Level 2.1 Fighting
 * Level 5.2 Blades
 - Level 0.6 Armour
 + Level 3.9 Dodging
 + Level 3.0 Stealth
 + Level 5.5 Charms


You had 4 spell levels left.
You knew the following spells:

 Your Spells              Type           Power        Failure   Level  Hunger
a - Infusion              Chrm           14 (25)      4%          1    N/A
b - Regeneration          Chrm/Necr      7 (200)      36%         3    N/A
c - Song of Slaying       Chrm           14 (100)     6%          2    N/A

Your spell library contained the following spells:

 Spells                   Type           Power        Failure   Level  Hunger
 Ozocubu's Armour         Chrm/Ice       7 (100)      77%         4    N/A
 Spectral Weapon          Chrm/Summ      7 (100)      98%         5    N/A

Dungeon Overview and Level Annotations

Branches:
Dungeon (4/15)

Altars:
Cheibriados
Dithmenos
Jiyva
Kikubaaqudgha
Lugonu
Okawaru
Ru
Trog
Uskayaw
Vehumet
Zin


Message History

You feel very sick.
Okay, then.
You feel sick.
You feel sick. The worker ant misses you.
You feel sick.
You feel sick.
You feel sick.
You are no longer poisoned.
The worker ant closely misses you.
Found a mutagenic shaft in the floor.
The worker ant bites you (1).
* * * LOW HITPOINT WARNING * * *
You are poisoned.
The worker ant poisons you!
You feel very sick.
You are a level 6 Merfolk Skald.
You are 54% of the way to level 7.
Play time: 00:09:30 (3457 turns)
Okay, then.
You feel sick. The worker ant bites you (4).
You die...

..........#......# ....#
#####.......###..####.#..#
..........#####..##......# #
........................##$#
........#.#####.=..........
........#.# #.........#
........#.## #.###.....#
........#..# #a# #.....#
##########.## #@# ###.######
##..###.#####......#
#..................#
.........#.#####......#
..........#.# #......#
..........#.# #......#
.........#### #......#
........## #......#
......... #>.....#


You could see a neutral worker ant (insane).

Vanquished Creatures
  A howler monkey (D:3)
  An orc wizard (D:3)
  An orc priest (D:3)
  Jessica (D:2)
  A worker ant (D:3)
  4 adders
  2 oozes (D:1)
  3 dart slugs
  2 orcs (D:3)
  3 quokkas
  4 giant cockroaches
  2 goblins
  4 hobgoblins
  2 jackals (D:1)
  10 kobolds
  A ball python (D:3)
  12 bats
  4 frilled lizards
  9 rats
  A plant (D:1)
68 creatures vanquished.

Vanquished Creatures (collateral kills)
  A worker ant (D:4)
  4 orcs (D:3)
  2 bats (D:3)
  A hobgoblin (D:3)
8 creatures vanquished.

Vanquished Creatures (others)
  An orc wizard (D:3)
  2 orcs (D:3)
3 creatures vanquished.

Grand Total: 79 creatures vanquished

Notes
Turn   | Place    | Note
-------+----------+-------------------------------------------
     0 | D:1      | MurderBear the Merfolk Skald began the quest for the Orb.
     0 | D:1      | Reached XP level 1. HP: 16/16 MP: 2/2
   106 | D:1      | Reached XP level 2. HP: 7/22 MP: 3/3
   553 | D:1      | Reached XP level 3. HP: 22/27 MP: 5/5
   586 | D:1      | Learned a level 3 spell: Regeneration
   587 | D:1      | Learned a level 2 spell: Song of Slaying
   642 | D:1      | Reached skill level 1 in Stealth
  1367 | D:2      | Found a snail-covered altar of Cheibriados.
  1402 | D:2      | Found a hide-covered altar of Uskayaw.
  1464 | D:2      | Found an iron altar of Okawaru.
  1464 | D:2      | Found a corrupted altar of Lugonu.
  1526 | D:2      | Found a radiant altar of Vehumet.
  1538 | D:2      | Reached XP level 4. HP: 23/33 MP: 4/4
  1568 | D:2      | Found a viscous altar of Jiyva.
  1611 | D:2      | Noticed Jessica
  1622 | D:2      | Killed Jessica
  1972 | D:2      | Found a shadowy altar of Dithmenos.
  2197 | D:3      | Reached skill level 5 in Charms
  2257 | D:3      | Found a bloodstained altar of Trog.
  2431 | D:3      | Found a faded altar of an unknown god.
  2459 | D:3      | Reached XP level 5. HP: 38/38 MP: 6/6
  2794 | D:3      | Found a glowing silver altar of Zin.
  2807 | D:3      | Found an ancient bone altar of Kikubaaqudgha.
  2811 | D:3      | Found a sacrificial altar of Ru.
  2869 | D:3      | Reached XP level 6. HP: 32/44 MP: 7/7
  3001 | D:3      | Reached skill level 5 in Blades
  3445 | D:4      | HP: 2/44 [poisoned by a worker ant]
  3454 | D:4      | HP: 1/44 [poisoned by a worker ant]
  3458 | D:4      | Slain by a worker ant

Skill      XL: |  1  2  3  4  5  6 |
---------------+-------------------+-----
Blades         | 3 4 5 |  5.2
Dodging        | 2 3 |  3.9
Stealth        | 1 2 3 |  3.0
Charms         | 5 |  5.5
Fighting       | |  2.1
Armour         | |  0.6

Action                   |  1- 3 |  4- 6 || total
-------------------------+-------+-------++-------
Melee: Rapier            |   178 |   132 ||   310
Throw: Frenzy dart       |       |     8 ||     8
 Cast: Song of Slaying   |     1 |       ||     1
       Regeneration      |       |     1 ||     1
  Use: Potion            |       |     1 ||     1
 Stab: Sleeping          |     3 |     3 ||     6
Armor: Leather armour    |    36 |    53 ||    89
Dodge: Dodged            |   105 |   159 ||   264
